 Dungeon Crawl Stone Soup version 0.29.0-11-gd7f09526c8 (webtiles) character file.

Game seed: 15648416344349038296

244 RogueRain17 the Insei (level 6, -1/47 HPs)
             Began as a Gnoll Transmuter on Sept 3, 2022.
             Slain by a black bear (4 damage)
             ... on level 3 of the Dungeon.
             The game lasted 00:14:43 (3466 turns).

RogueRain17 the Insei (Gnoll Transmuter)            Turns: 3466, Time: 00:14:43

Health: -1/47      AC:  2    Str:  9    XL:     6   Next: 10%
Magic:  0/14       EV: 14    Int: 12    God:
Gold:   170        SH:  0    Dex: 15    Spells: 12/15 levels left

rFire   + . .      SeeInvis .   i - +0 dagger (speed)
rCold   + + .      Faith    .   (no shield)
rNeg    . . .      Spirit   +   a - +0 robe
rPois   .          Reflect  .   (helmet currently unavailable)
rElec   .          Harm     .   c - scarf {rC+ rF+}
rCorr   .          Rampage  .   (no gloves)
Will    .....                   (boots currently unavailable)
Stlth   ++........              k - amulet of guardian spirit
HPRegen 0.15/turn               e - ring of flight
MPRegen 0.14/turn               q - ring of protection from cold

@: appendages (expiring), flying
A: horns 2, talons 2, fangs 1, strong nose, distributed training
a: End Transformation


You were on level 3 of the Dungeon.
You had temporarily grown beastly horns and talons.
You visited 1 branch of the dungeon, and saw 3 of its levels.

You collected 170 gold pieces.

Inventory:

Hand Weapons
 i - a +0 dagger of speed (weapon)
Armour
 a - a +0 robe (worn)
 c - a scarf of resistance (worn)
 r - a +0 helmet (melded)
Jewellery
 e - a ring of flight (left hand)
 k - an amulet of guardian spirit (around neck)
 q - a ring of protection from cold (right hand)
Scrolls
 d - a scroll of enchant weapon {unknown}
 f - 3 scrolls of poison {unknown}
 g - 3 scrolls of identify {unknown}
 h - a scroll of amnesia {unknown}
 l - 3 scrolls of teleportation {unknown}
 m - 2 scrolls of fear {unknown}
 n - a scroll of vulnerability {unknown}
 p - a scroll of immolation {unknown}
Potions
 b - a potion of lignification
 j - a potion of mutation {unknown}
 o - a potion of haste {unknown}


   Skills:
 + Level 3.2 Fighting
 + Level 1.9 Short Blades
 + Level 1.9 Long Blades
 + Level 1.9 Axes
 + Level 1.9 Maces & Flails
 + Level 1.9 Polearms
 + Level 1.9 Staves
 + Level 1.9 Ranged Weapons
 + Level 1.9 Throwing
 + Level 1.9 Armour
 + Level 4.9 Dodging
 + Level 1.9 Stealth
 + Level 1.9 Shields
 + Level 6.8 Unarmed Combat
 + Level 5.3 Spellcasting
 + Level 1.5 Conjurations
 + Level 1.5 Hexes
 + Level 1.5 Summonings
 + Level 1.5 Necromancy
 + Level 1.5 Translocations
 + Level 4.1 Transmutations
 + Level 1.5 Fire Magic
 + Level 1.5 Ice Magic
 + Level 1.5 Air Magic
 + Level 1.5 Earth Magic
 + Level 1.5 Poison Magic
 + Level 2.1 Invocations
 + Level 1.9 Evocations


You had 12 spell levels left.
You knew the following spells:

 Your Spells              Type           Power      Damage    Failure   Level
a - Beastly Appendage     Tmut           26%        N/A       3%          1
b - Wereblood             Tmut           13%        N/A       5%          2

Your spell library contained the following spells:

 Spells                   Type           Power      Damage    Failure   Level
 Passwall                 Tmut/Erth      7%         N/A       10%         2
 Magic Dart               Conj           24%        1d4       11%         1
 Sandblast                Erth           12%        2d6       11%         1
 Searing Ray              Conj           12%        2d4       16%         2
 Spider Form              Tmut/Pois      9%         N/A       19%         3
 Stone Arrow              Conj/Erth      12%        3d7       30%         3
 Ice Form                 Ice/Tmut       9%         N/A       52%         4
 Fulminant Prism          Conj/Hex       3%         3d6       71%         4


Dungeon Overview and Level Annotations

Branches:
Dungeon (3/15)

Altars:
Qazlal

Annotations:
D:3 1 transporter


Innate Abilities, Weirdness & Mutations

You have temporarily grown beastly horns and talons.
You have very sharp teeth.
Your uncanny sense of smell can sniff out nearby items.
Your experience applies equally to all skills.


Message History

The black bear is severely wounded.
The black bear goes berserk!
You hit the black bear but do no damage.
You claw the black bear, but do no damage.
Your headbutt misses the black bear.
The black bear is severely wounded.
The black bear misses you. x2
The black bear claws you but does no damage.
You hit the black bear. Your kick misses the black bear.
Your bite misses the black bear.
The black bear is almost dead.
The black bear bites you. The black bear closely misses you.
The black bear claws you.
You hit the black bear but do no damage.
The black bear is severely wounded.
You closely miss the black bear.
The black bear is severely wounded.
The black bear bites you! The black bear claws you. x2
You hit the black bear but do no damage.
Your headbutt misses the black bear.
The black bear is severely wounded.
The black bear closely misses you.
The black bear claws you but does no damage.
The black bear claws you.
You hit the black bear. You headbutt the black bear.
The black bear is almost dead.
The black bear misses you. The black bear claws you. x2
* * * LOW HITPOINT WARNING * * *
You barely miss the black bear. Your kick misses the black bear.
The black bear is almost dead.
Your transformation is almost over.
The black bear bites you.
* * * LOW HITPOINT WARNING * * *
The black bear closely misses you. The black bear barely misses you.
You hit the black bear. Your bite misses the black bear.
The black bear is almost dead.
The black bear bites you!
* * * LOW HITPOINT WARNING * * *
The black bear claws you.
You die...

........ #............##
........##.............##
...... #...............#
....... #...............#
.# ##.# #...............#
.# #.###...............#
.####.#....)............#
........#.......h.......#
...##.####......@......###
...##.# ##..............#
....#.##########..(......#
#.........####............#
#..............#####......#
#..........##### #####..#
#..........'....._ ..#
#..........#####.. .#
#########...


You could see a black bear (berserk).

Vanquished Creatures
  Terence (D:2)
  Jessica (D:2)
  An orc wizard (D:2)
  7 gnolls
  An adder (D:2)
  A worm (D:2)
  2 dart slugs (D:1)
  7 orcs
  10 endoplasms
  6 giant cockroaches
  8 hobgoblins
  10 kobolds
  3 quokkas
  4 ball pythons
  7 bats
  2 frilled lizards (D:1)
  A goblin (D:3)
  2 rats
74 creatures vanquished.

Vanquished Creatures (others)
  A fungus (D:1)
  5 plants (D:1)
6 creatures vanquished.

Grand Total: 80 creatures vanquished

Notes
Turn   | Place    | Note
-------+----------+-------------------------------------------
     0 | D:1      | RogueRain17 the Gnoll Transmuter began the quest for the
                  | Orb.
     0 | D:1      | Reached XP level 1. HP: 17/17 MP: 6/6
   208 | D:1      | Reached XP level 2. HP: 15/23 MP: 7/7
   715 | D:1      | Found a faded altar of an unknown god.
   791 | D:1      | Reached skill level 5 in Spellcasting
   791 | D:1      | Reached XP level 3. HP: 26/28 MP: 7/9
   984 | D:1      | Reached skill level 1 in Invocations
  1573 | D:2      | Noticed Terence
  1591 | D:2      | Killed Terence
  1592 | D:2      | Reached skill level 1 in Short Blades
  1592 | D:2      | Reached skill level 1 in Long Blades
  1592 | D:2      | Reached skill level 1 in Axes
  1592 | D:2      | Reached skill level 1 in Maces & Flails
  1592 | D:2      | Reached skill level 1 in Polearms
  1592 | D:2      | Reached skill level 1 in Staves
  1592 | D:2      | Reached skill level 1 in Ranged Weapons
  1592 | D:2      | Reached skill level 1 in Throwing
  1592 | D:2      | Reached skill level 1 in Armour
  1592 | D:2      | Reached skill level 1 in Stealth
  1592 | D:2      | Reached skill level 1 in Shields
  1592 | D:2      | Reached skill level 1 in Evocations
  1592 | D:2      | Reached XP level 4. HP: 15/34 MP: 4/11
  1868 | D:2      | Reached skill level 1 in Conjurations
  1868 | D:2      | Reached skill level 1 in Hexes
  1868 | D:2      | Reached skill level 1 in Summonings
  1868 | D:2      | Reached skill level 1 in Necromancy
  1868 | D:2      | Reached skill level 1 in Translocations
  1868 | D:2      | Reached skill level 1 in Fire Magic
  1868 | D:2      | Reached skill level 1 in Ice Magic
  1868 | D:2      | Reached skill level 1 in Air Magic
  1868 | D:2      | Reached skill level 1 in Earth Magic
  1868 | D:2      | Reached skill level 1 in Poison Magic
  2183 | D:2      | Reached XP level 5. HP: 38/38 MP: 12/12
  2325 | D:2      | Noticed Jessica
  2339 | D:2      | Killed Jessica
  2702 | D:2      | Learned a level 2 spell: Wereblood
  3112 | D:3      | Reached XP level 6. HP: 28/47 MP: 4/13
  3319 | D:3      | Found a transporter.
  3401 | D:3      | Found a stormy altar of Qazlal.
  3440 | D:3      | Noticed a black bear
  3466 | D:3      | Slain by a black bear

Illustrated notes

Levels and vault maps discovered:
D:1:      denvon_arrival_planthouse, layout_loops_ring,
          dreamdust_ecumenical_altar_hidden_monk_grotto, minmay_hexomino_p4
D:2:      layout_basic, uniq_terence, uniq_jessica
D:3:      gammafunk_steamed_eel, layout_rooms,
          mainiacjoe_overflow_surrounded_room

Skill      XL: |  1  2  3  4  5 |
---------------+----------------+-----
Spellcasting   | 5 |  5.3
Invocations    | 1 2 |  2.1
Short Blades   | 1 |  1.9
Long Blades    | 1 |  1.9
Axes           | 1 |  1.9
Maces & Flails | 1 |  1.9
Polearms       | 1 |  1.9
Staves         | 1 |  1.9
Ranged Weapons | 1 |  1.9
Throwing       | 1 |  1.9
Armour         | 1 |  1.9
Stealth        | 1 |  1.9
Shields        | 1 |  1.9
Evocations     | 1 |  1.9
Conjurations   | 1 |  1.5
Hexes          | 1 |  1.5
Summonings     | 1 |  1.5
Necromancy     | 1 |  1.5
Translocations | 1 |  1.5
Fire Magic     | 1 |  1.5
Ice Magic      | 1 |  1.5
Air Magic      | 1 |  1.5
Earth Magic    | 1 |  1.5
Poison Magic   | 1 |  1.5
Fighting       | 3 |  3.2
Transmutations | 4 |  4.1
Dodging        | |  4.9
Unarmed Combat | |  6.8

Action                   |  1- 3 |  4- 6 || total
-------------------------+-------+-------++-------
Melee: Unarmed           |    30 |       ||    30
       Dagger            |   141 |   138 ||   279
       Bite              |    16 |    19 ||    35
       Punch             |     5 |     5 ||    10
       Kick              |    13 |    36 ||    49
       Headbutt          |    11 |    17 ||    28
 Cast: Beastly Appendage |     5 |    10 ||    15
       Wereblood         |       |     4 ||     4
 Stab: Sleeping          |     3 |     4 ||     7
       Distracted        |       |     1 ||     1
Armor: Robe              |    26 |     5 ||    31
Dodge: Dodged            |    98 |    56 ||   154
